 Dungeon Crawl Stone Soup version 0.21.0-22-g11d5b5247c (webtiles) character file.

195 Peloso the Shield-Bearer (level 5, -1/49 HPs)
             Began as a Deep Dwarf Fighter on Jan 19, 2018.
             Slain by cada's ghost (9 damage)
             ... on level 4 of the Dungeon.
             The game lasted 00:06:49 (2819 turns).

Peloso the Shield-Bearer (Deep Dwarf Fighter)       Turns: 2819, Time: 00:06:50

Health: -1/49      AC: 11    Str: 21    XL:     5   Next: 45%
Magic:  5/5        EV:  6    Int:  8    God:
Gold:   178        SH: 10    Dex: 12    Spells: 4/4 levels left

rFire    . . .     SeeInvis .   a - +0 long sword
rCold    . . .     Gourm    .   c - +0 shield
rNeg     . . .     Faith    +   b - +0 chain mail
rPois    .         Spirit   .   h - +0 helmet
rElec    .         Reflect  .   (no cloak)
rCorr    .         Harm     .   (no gloves)
MR       .....     Rnd*Tele +   l - +0 pair of boots
Stlth    ..........             q - amulet of faith
HPRegen  0.00/turn              e - ring of teleportation (curse)
MPRegen  0.09/turn              (no ring)

@: non-regenerating
A: damage resistance, heal wounds, sense surroundings 1, no regeneration
a: Heal Wounds


You were on level 4 of the Dungeon.
You were hungry.

You visited 2 branches of the dungeon, and saw 5 of its levels.

You collected 178 gold pieces.

Inventory:

Hand Weapons
 a - a +0 long sword (weapon)
Armour
 b - a +0 chain mail (worn)
 c - a +0 shield (worn)
 h - a +0 helmet (worn)
 l - a +0 pair of boots (worn)
Jewellery
 e - a cursed ring of teleportation (left hand)
 q - an amulet of faith (around neck)
 s - a +3 ring of dexterity {unknown}
 u - an uncursed ring of protection from magic {unknown}
Scrolls
 d - a scroll of teleportation
 j - 2 scrolls of noise {unknown}
 m - 3 scrolls of identify {unknown}
 n - 3 scrolls of remove curse {unknown}
 o - a scroll of blinking {unknown}
 t - a scroll of fear {unknown}
Potions
 g - 3 potions of cancellation
 i - a potion of berserk rage {unknown}
 k - a potion of mutation {unknown}
 p - a potion of degeneration {unknown}
 r - a potion of curing {unknown}
Comestibles
 f - 6 rations


   Skills:
 + Level 3.2 Fighting
 + Level 3.5 Long Blades
 + Level 4.3 Armour
 + Level 1.2 Dodging
 + Level 4.5 Shields


You had 4 spell levels left.
You didn't know any spells.

Dungeon Overview and Level Annotations

Branches:
Dungeon (4/15)             Temple (1/1) D:4

Altars:
Cheibriados
Dithmenos
Elyvilon
Fedhas
Hepliaklqana
Kikubaaqudgha
Makhleb
Nemelex Xobeh
Qazlal
Ru
Sif Muna
Trog
Uskayaw
Wu Jian
Yredelemnul
Zin
The Shining One

Annotations:
D:3 2 transporters, Menkaure
D:4 cada's ghost, amateur DsMo


Innate Abilities, Weirdness & Mutations

You are resistant to damage.
You can heal yourself by infusing magical energy.
You passively map a small area around you.
You do not regenerate.


Message History

You closely miss cada's ghost. Cada's ghost hits you. Cada's ghost hits you!
Your chain mail prevents you from hitting cada's ghost.
Cada's ghost hits you.
Your shield and chain mail prevent you from hitting cada's ghost.
Cada's ghost barely misses you.
You riposte.
You hit cada's ghost.
Cada's ghost is lightly damaged.
You hit cada's ghost.
Cada's ghost is lightly damaged.
Cada's ghost hits you! x2
* * * LOW HITPOINT WARNING * * *
Your shield and chain mail prevent you from hitting cada's ghost.
Cada's ghost is lightly damaged.
Cada's ghost hits you.
* * * LOW HITPOINT WARNING * * *
You miss cada's ghost.
Cada's ghost is lightly damaged.
You block cada's ghost's attack.
It was a potion of cancellation.
You feel magically purged. Cada's ghost hits you!
You die...

###.#.#########.#.#########.#
,##
....#...........#...........#
,,
#############################,
, #...............
#...............
**#............. *
#........... ##W#.......##
#.@######### #.## #.#* * ... ,
* ,.... * #.... , * ###.. ..*
*


You could see cada's ghost.

Vanquished Creatures
  A hound (D:4)
  Robin (D:4)
  4 adders
  2 worms
  A dart slug (D:3)
  4 leopard geckos
  7 orcs
  4 giant cockroaches
  16 goblins
  10 hobgoblins
  5 jackals
  12 kobolds
  A quokka (D:3)
  A ball python (D:3)
  12 bats
  2 frilled lizards
  A quokka skeleton (D:4)
  10 rats
94 creatures vanquished.

Notes
Turn   | Place    | Note
-------+----------+-------------------------------------------
     0 | D:1      | Peloso the Deep Dwarf Fighter began the quest for the Orb.
     0 | D:1      | Reached XP level 1. HP: 20/20 MP: 1/1
   141 | D:1      | Reached XP level 2. HP: 25/27 MP: 2/2
   447 | D:1      | Reached XP level 3. HP: 20/33 MP: 3/3
   728 | D:2      | Noticed Robin
   732 | D:2      | Found a deep blue altar of Sif Muna.
  1042 | D:2      | Reached XP level 4. HP: 24/42 MP: 4/4
  1069 | D:2      | Reached skill level 1 in Dodging
  1709 | D:3      | Noticed a phantom
  1709 | D:3      | Found a basalt altar of Yredelemnul.
  1709 | D:3      | Found a transporter.
  1709 | D:3      | Found an ancient bone altar of Kikubaaqudgha.
  1709 | D:3      | Noticed Menkaure
  1755 | D:3      | Noticed a hungry ghost
  1758 | D:3      | Found a transporter.
  1775 | D:3      | Noticed a hungry ghost
  2037 | D:3      | Reached XP level 5. HP: 49/49 MP: 5/5
  2388 | D:4      | Found a staircase to the Ecumenical Temple.
  2471 | D:4      | Killed Robin
  2558 | Temple   | Entered the Ecumenical Temple
  2807 | D:4      | Noticed cada's ghost (amateur DsMo)
  2819 | D:4      | Slain by cada's ghost

Skill      XL: |  1  2  3  4  5 |
---------------+----------------+-----
Fighting       | 3 |  3.2
Shields        | 4 |  4.5
Dodging        | 1 |  1.2
Long Blades    | 3 |  3.5
Armour         | 4 |  4.3

Action                   |  1- 3 |  4- 6 || total
-------------------------+-------+-------++-------
Melee: Long sword        |   128 |   157 ||   285
 Abil: Heal Wounds       |       |     1 ||     1
  Use: Potion            |     1 |     1 ||     2
       Scroll            |       |     1 ||     1
  Eat: Chunk             |       |     6 ||     6
Armor: Scale mail        |    44 |       ||    44
       Chain mail        |    41 |    95 ||   136
Dodge: Dodged            |    39 |    34 ||    73
Block: Shield            |    95 |    94 ||   189
       Rpst.: Long sword |     9 |    13 ||    22
